 Dungeon Crawl Stone Soup version 0.30.1-4-g462c640d31 (webtiles) character file.

Game seed: 11349623817208374377

893 safid the Chiller (level 8, 0/63 HPs)
             Began as a Merfolk Ice Elementalist on Aug 21, 2023.
             Succumbed to an adder's poison
             ... on level 4 of the Dungeon.
             The game lasted 00:07:33 (4752 turns).

safid the Chiller (Merfolk Ice Elementalist)        Turns: 4752, Time: 00:07:33

Health: 0/63       AC:  5    Str:  9    XL:     8   Next: 6%
Magic:  0/15       EV: 17    Int: 16    God:
Gold:   262        SH:  0    Dex: 14    Spells: 10/17 levels left

rFire   . . .        o - +0 whip (venom)
rCold   . . .        (no shield)
rNeg    . . .        l - +2 robe
rPois   .            (no helmet)
rElec   .            (no cloak)
rCorr   .            g - +0 pair of gloves
SInv    .            (no boots)
Will    .....        p - amulet of guardian spirit
Stlth   ++           e - +5 ring of evasion
HPRegen 0.30/turn    (no ring)
MPRegen 0.14/turn

%: guardian spirit
@: lethally poisoned (0 -> -17)
A: (nimble swimmer 2), mertail
a: no special abilities


You were on level 4 of the Dungeon.
You visited 1 branch of the dungeon, and saw 4 of its levels.

You collected 262 gold pieces.

Inventory:

Hand Weapons
 o - a +0 whip of venom (weapon)
Armour
 g - a +0 pair of gloves (worn)
 l - a +2 robe (worn)
Jewellery
 e - a +5 ring of evasion (left hand)
 p - an amulet of guardian spirit (around neck)
 r - a ring of fire
Wands
 a - a wand of mindburst (18)
Scrolls
 d - a scroll of teleportation {unknown}
 h - 5 scrolls of identify {unknown}
 i - a scroll of magic mapping {unknown}
 j - a scroll of amnesia {unknown}
 q - a scroll of enchant weapon {unknown}
Potions
 b - a potion of magic
 f - a potion of degeneration {unknown}
 k - a potion of mutation {unknown}
 m - a potion of resistance {unknown}
 n - a potion of heal wounds {unknown}
 s - a potion of might {unknown}


   Skills:
 + Level 5.4 Fighting
 - Level 2.6 Dodging
 - Level 2.1 Stealth
 + Level 5.0 Spellcasting
 + Level 7.1 Ice Magic


You had 10 spell levels left.
You knew the following spells:

 Your Spells              Type           Power      Damage    Failure   Level
a - Freeze                Ice            100%       1d10      1%          1
b - Frozen Ramparts       Ice            52%        1d8       2%          3
c - Ozocubu's Armour      Ice            26%        N/A       2%          3

Your spell library contained the following spells:

 Spells                   Type           Power      Damage    Failure   Level
 Slow                     Hex            16%        N/A       16%         1
 Summon Ice Beast         Ice/Summ       15%        N/A       34%         4
 Confusing Touch          Hex            4%         N/A       41%         3
 Tukima's Dance           Hex            4%         N/A       41%         3
 Vampiric Draining        Necr           4%         2d6       41%         3
 Passage of Golubria      Tloc           4%         N/A       83%         4
 Freezing Cloud           Conj/Ice/Air   5%         6-21      85%         5
 Yara's Violent Unravell  Hex/Tmut       2%         3d3       99%         5
 Statue Form              Tmut/Erth      2%         N/A       100%        6


Dungeon Overview and Level Annotations

Branches:
Dungeon (4/15)
 Temple: D:4-7

Altars:

Shops:
D:1 (


Innate Abilities, Weirdness & Mutations

((You are very nimble when in or above water. (Stealth+, EV+, Speed+++)))
Your lower body shifts to a powerful aquatic tail in water.


Message History

You feel very sick. The adder completely misses you.
Edmund hits you with a +1 dire flail of venom!
* * * LOW HITPOINT WARNING * * *
The adder bites you but does no damage.
Casting: Freeze (safe; 1% risk of failure)
Confirm with . or Enter, or press ? or * to list all spells.
Aiming: Freeze (safe; 1% risk of failure)
Press: ? - help, Shift-Dir - straight line, f/p - Edmund
Aim: Edmund, wielding a +1 dire flail of venom and wearing a +0 scale mail (severely wounded, extremely poisoned)
You freeze Edmund!
Edmund is almost dead.
You feel sick. Edmund hits you but does no damage.
You are lethally poisoned!
The adder misses you.
Casting: Freeze (safe; 1% risk of failure)
Confirm with . or Enter, or press ? or * to list all spells.
Aiming: Freeze (safe; 1% risk of failure)
Press: ? - help, Shift-Dir - straight line, f/p - Edmund
Aim: Edmund, wielding a +1 dire flail of venom and wearing a +0 scale mail (almost dead, extremely poisoned)
You freeze Edmund!
You kill Edmund!
* * * LOW HITPOINT WARNING * * *
You feel very sick. The adder bites you.
* * * LOW HITPOINT WARNING * * *
You are more poisoned.
The adder poisons you!
Your Spellcasting skill increases to level 5!
Your Ice Magic skill increases to level 7!
You have reached level 8!
Unknown command.
Casting: Freeze (safe; 1% risk of failure)
Confirm with . or Enter, or press ? or * to list all spells.
Aiming: Freeze (safe; 1% risk of failure)
Press: ? - help, Shift-Dir - straight line, f - adder
Aim: an adder You freeze the adder.
The adder is heavily wounded.
You die...

#..# ###....#
#..#...... #..#
###....###
#........
#..###........##
#.......
#..#...........#
##......
#.....##.......##
###..##
##..####........#
##... ##.##
##........## ##..
#..##
#..........# ##.
##..#
#...@.....## ##.
#..###..S).....#
#..
#...##.........#
#..
#....#........##
##.#
##...#.....>.##
#..#
##..........###
#..#
#.........###
##.## ##......###
#..# ##......#
##.##


You could see an adder.

Vanquished Creatures
  Edmund (D:4)
  A phantom (D:4)
  A kobold brigand (D:3)
  4 howler monkeys (D:3)
  An orc priest (D:3)
  An iguana (D:3)
  4 adders
  26 gnolls (D:3)
  A worm (D:2)
  23 orcs
  7 ball pythons
  12 endoplasms
  6 giant cockroaches
  6 hobgoblins
  11 jackals (D:3)
  5 kobolds
  2 quokkas (D:1)
  5 bats
  3 goblins
  7 rats (D:1)
127 creatures vanquished.

Notes
Turn   | Place    | Note
-------+----------+-------------------------------------------
     0 | D:1      | safid the Merfolk Ice Elementalist began the quest for the
                  | Orb.
     0 | D:1      | Reached XP level 1. HP: 13/13 MP: 3/3
   122 | D:1      | Reached XP level 2. HP: 12/20 MP: 1/5
   127 | D:1      | Reached skill level 1 in Fighting
   393 | D:1      | You fall into a shaft and drop 1 floor!
   599 | D:2      | Reached XP level 3. HP: 18/26 MP: 0/6
   765 | D:1      | Learned a level 3 spell: Frozen Ramparts
  1045 | D:1      | Got the Codex of Fuming Changing
  1181 | D:1      | Found Kyufimir's Antique Weapon Shop.
  1753 | D:3      | Reached skill level 5 in Ice Magic
  1753 | D:3      | Reached XP level 4. HP: 31/33 MP: 5/8
  1758 | D:3      | Learned a level 3 spell: Ozocubu's Armour
  2271 | D:3      | Reached XP level 5. HP: 39/39 MP: 2/9
  2608 | D:3      | Noticed a kobold brigand
  2618 | D:3      | Reached XP level 6. HP: 22/47 MP: 2/11
  2627 | D:3      | Reached skill level 6 in Ice Magic
  3064 | D:3      | Reached XP level 7. HP: 51/54 MP: 6/13
  4193 | D:4      | Reached skill level 5 in Fighting
  4738 | D:4      | Noticed Edmund
  4751 | D:4      | Killed Edmund
  4752 | D:4      | Reached skill level 5 in Spellcasting
  4752 | D:4      | Reached skill level 7 in Ice Magic
  4752 | D:4      | Reached XP level 8. HP: 4/63 MP: 1/15
  4752 | D:4      | Succumbed to an adder's poison

Illustrated notes

Levels and vault maps discovered:
D:1:      arrival_zaba_pyramid, layout_basic, serial_shops,
          nicolae_shop_overgrown_old_shop
D:2:      layout_loops_cross, kennysheep_nub
D:3:      lemuel_castle_with_subvaults [lemuel_castle_interior_original],
          layout_basic, nicolae_concentric_dashed_squares_wild,
          minmay_checkerbox
D:4:      layout_cave_pods, serial_glass, glass_columns_a, glass_columns_a,
          feat_on_display, nicolae_eternal_life, hellmonk_no_cap, uniq_edmund

Skill      XL: |  1  2  3  4  5  6  7 |
---------------+----------------------+-----
Fighting       | 1 2 3 4 5 |  5.4
Ice Magic      | 5 6 7 |  7.1
Spellcasting   | 3 4 5 |  5.0
Dodging        | |  2.6
Stealth        | |  2.1

Action                     |  1- 3 |  4- 6 |  7- 9 || total
---------------------------+-------+-------+-------++-------
  Melee: Short sword       |    91 |   105 |     1 ||   197
         Unarmed           |     2 |       |       ||     2
         Punch             |       |     1 |     5 ||     6
         Whip              |       |       |   183 ||   183
         Tailslap          |       |       |     5 ||     5
   Cast: Freeze            |    30 |    20 |     7 ||    57
         Frozen Ramparts   |       |    11 |     7 ||    18
         Ozocubu's Armour  |       |     6 |     8 ||    14
    Use: Potion            |       |       |     3 ||     3
   Stab: Sleeping          |     7 |     1 |     3 ||    11
 Armour: Robe              |    20 |    43 |    39 ||   102
  Dodge: Dodged            |    83 |   153 |   162 ||   398
